 Dungeon Crawl Stone Soup version 0.27.0-1-g7a089689b8 (webtiles) character file.

Game seed: 9195972521633444484

446 dtburroughs the Cudgeller (level 7, -3/44 HPs)
             Began as a Gargoyle Berserker on July 31, 2021.
             Was a Believer of Trog.
             Slain by a gnoll (5 damage)
             ... on level 3 of the Dungeon.
             The game lasted 00:05:36 (2768 turns).

dtburroughs the Cudgeller (Gargoyle Berserker)      Turns: 2768, Time: 00:05:37

Health: -3/44      AC: 10    Str: 22    XL:     7   Next: 3%
Magic:  7/7        EV: 11    Int:  7    God:    Trog [**....]
Gold:   151        SH:  0    Dex: 10    Spells: 6/6 levels left

rFire    . . .     SeeInvis .   h - +2 flail (holy)
rCold    . . .     Faith    .   (no shield)
rNeg     + . .     Spirit   .   e - +0 ring mail
rPois    ∞         Reflect  .   (no helmet)
rElec    +         Harm     .   i - scarf {+Inv}
rCorr    .         Rampage  .   (no gloves)
Will     ++...                  (no boots)
Stlth    +.........             (no amulet)
HPRegen  1.14/turn              (no ring)
MPRegen  0.10/turn              (no ring)

@: strong-willed, regenerating
A: sickness immunity, AC +4, negative energy resistance 1, electricity
resistance, torment resistance 1, petrification resistance
a: Renounce Religion, Evoke Invisibility, Berserk, Trog's Hand


You were on level 3 of the Dungeon.
You worshipped Trog.
Trog was pleased with you.
You visited 1 branch of the dungeon, and saw 3 of its levels.

You collected 151 gold pieces.

Inventory:

Hand Weapons
 a - a +0 mace
 h - a +2 flail of holy wrath (weapon)
Armour
 e - a +0 ring mail (worn)
 i - a scarf of invisibility (worn)
Wands
 g - a wand of flame (21)
Scrolls
 b - a scroll of silence {unknown}
 c - 2 scrolls of teleportation {unknown}
 d - a scroll of enchant armour {unknown}
 f - a scroll of enchant weapon {unknown}
 j - a scroll of immolation {unknown}
 k - a scroll of identify {unknown}
Potions
 l - a potion of degeneration {unknown}


   Skills:
 + Level 4.9 Fighting
 + Level 5.2 Maces & Flails
 + Level 3.7 Armour
 + Level 2.6 Dodging
 + Level 1.0 Stealth
 * Level 1.4 Evocations


You had 6 spell levels left.
You didn't know any spells.
Your spell library was empty.

Dungeon Overview and Level Annotations

Branches:
Dungeon (3/15)

Altars:
Cheibriados
Nemelex Xobeh
Yredelemnul

Shops:
D:2 ?*


Innate Abilities, Weirdness & Mutations

You are immune to sickness and miasma.
Your stone body is resilient. (AC +4)
You are immune to poison.
You resist negative energy. (rN+)
You are resistant to electric shocks. (rElec)
You are resistant to unholy torment.
You are immune to petrification.


Message History

A gnoll comes into view. It is wielding a +0 halberd.
The gnoll shouts!
You hear a shout! x2
A gnoll comes into view. It is wielding a +0 club.
The gnoll shouts!
The gnoll moves out of view.
A gnoll comes into view. It is wielding a +0 flail.
The gnoll shouts!
The gnoll barely misses you.
A gnoll comes into view. It is wielding a +0 flail.
The gnoll shouts!
You hear a shout!
The gnoll hits you but does no damage.
You hit the gnoll.
The gnoll is lightly wounded.
The gnoll closely misses you. The gnoll hits you with a +0 halberd!
You closely miss the gnoll.
The gnoll is lightly wounded.
You hit the gnoll.
The gnoll is moderately wounded.
The gnoll hits you from afar with a +0 halberd.
You sock the gnoll!
You kill the gnoll!
Trog accepts your kill.
The gnoll hits you from afar with a +0 halberd!
You thump the gnoll!
The gnoll is heavily wounded.
The gnoll hits you from afar with a +0 halberd.
The gnoll closely misses you. The gnoll hits you with a +0 flail.
* * * LOW HITPOINT WARNING * * *
The gnoll barely misses you.
Things that are here:
a +0 flail; a gnoll corpse You hit the gnoll.
The gnoll is lightly wounded.
The gnoll hits you with a +0 flail!
* * * LOW HITPOINT WARNING * * *
The gnoll barely misses you. The gnoll hits you but does no damage.
Your skin crawls.
You feel strong-willed. The gnoll hits you with a +0 flail.
You die...

.......# ###..
.......####....###.
.............#..#.. # #
....).............#.##.#
..................#.....
#####..#................
..###.####.#....#.......
#.....###..(.##g#g......
...####....###..@g......
#.........#.....##......
#...........###.# .....
#..........## #.## ....
...........# #... .... .
#..........# #..# #.....##.
#..........# #..##..# .....
#..........####......##.....
..#.......###......##.......


You could see 3 gnolls.

Vanquished Creatures
  Grinder (D:3)
  A water moccasin skeleton (D:3)
  Terence (D:3)
  A mummy (D:3)
  6 gnolls
  2 adders (D:3)
  2 dart slugs
  5 ball pythons
  4 endoplasms
  4 giant cockroaches
  6 goblins (D:1)
  6 hobgoblins
  13 jackals
  3 quokkas
  4 bats
  2 frilled lizards
  9 kobolds
  2 rats (D:1)
72 creatures vanquished.

Notes
Turn   | Place    | Note
-------+----------+-------------------------------------------
     0 | D:1      | dtburroughs the Gargoyle Berserker began the quest for the
                  | Orb.
     0 | D:1      | Reached XP level 1. HP: 14/14 MP: 1/1
   149 | D:1      | Reached XP level 2. HP: 19/19 MP: 2/2
   604 | D:1      | Reached XP level 3. HP: 18/24 MP: 3/3
   889 | D:1      | Reached ** piety under Trog
  1371 | D:1      | Reached skill level 4 in Maces & Flails
  1371 | D:1      | Reached XP level 4. HP: 16/29 MP: 4/4
  1500 | D:2      | Found Etaix's Assorted Antiques.
  1573 | D:2      | Found a faded altar of an unknown god.
  1641 | D:2      | Found Kyezini's Magic Scroll Shop.
  1713 | D:2      | You fall into a shaft and drop 1 floor!
  1796 | D:3      | Found a snail-covered altar of Cheibriados.
  1848 | D:3      | Found a basalt altar of Yredelemnul.
  1853 | D:3      | Noticed Terence
  1858 | D:3      | Killed Terence
  2001 | D:2      | Reached XP level 5. HP: 33/33 MP: 5/5
  2548 | D:3      | Noticed Grinder
  2563 | D:3      | Killed Grinder
  2564 | D:3      | Reached skill level 5 in Maces & Flails
  2564 | D:3      | Reached skill level 1 in Stealth
  2564 | D:3      | Reached skill level 1 in Evocations
  2564 | D:3      | Reached XP level 6. HP: 23/40 MP: 6/6
  2708 | D:3      | Found a sparkling altar of Nemelex Xobeh.
  2718 | D:3      | Reached XP level 7. HP: 44/44 MP: 7/7
  2767 | D:3      | HP: 1/44 [gnoll (10)]
  2768 | D:3      | Slain by a gnoll

Illustrated notes

Levels and vault maps discovered:
D:1:      sevenhm_arrival_forest_fort_small_4, layout_basic
D:2:      layout_basic, ebering_ecumenical_altar_box, serial_shops, shop_statue,
          nicolae_shop_crystal, ebering_dispersal_statue_hall
D:3:      layout_rooms, slow_altar_2, mainiacjoe_overflow_large_starburst,
          uniq_sigmund, uniq_terence, uniq_grinder

Skill      XL: |  1  2  3  4  5 |
---------------+----------------+-----
Dodging        | 2 |  2.6
Maces & Flails | 4 5 |  5.2
Fighting       | 4 |  4.9
Armour         | 3 |  3.7
Stealth        | 1 |  1.0
Evocations     | 1 |  1.4

Action                   |  1- 3 |  4- 6 |  7- 9 || total
-------------------------+-------+-------+-------++-------
Melee: Mace              |   107 |    32 |       ||   139
       Flail             |       |    61 |     7 ||    68
Invok: Trog's Hand       |     1 |     2 |     1 ||     4
       Berserk           |       |     1 |       ||     1
Armor: Animal skin       |    39 |       |       ||    39
       Ring mail         |     4 |    33 |     2 ||    39
Dodge: Dodged            |    88 |    66 |     5 ||   159
